 Dungeon Crawl Stone Soup version 0.18-a0-1630-g6d03055 (webtiles) character file.

176071 VoltageHero the Peltast (level 18, -12/143 HPs)
             Began as a Human Fighter on Mar 25, 2016.
             Was a High Priest of the Shining One.
             Mangled by an anaconda (13 damage)
             ... on level 4 of the Snake Pit on Mar 26, 2016.
             The game lasted 02:58:59 (49923 turns).

VoltageHero the Peltast (Human Fighter)            Turns: 49923, Time: 02:59:00

Health: -12/143    AC: 30    Str: 25    XL:     18   Next: 78%
Magic:  20/20      EV: 11    Int: 16    God:    the Shining One [*****.]
Gold:   2392       SH: 28    Dex: 22    Spells: 0 memorised, 17 levels left

rFire  + . .     SeeInvis .     n - +6 falchion "Nais" {distort, Dex+6}
rCold  . . .     Gourm    +     m - +3 plate armour {rF+}
rNeg   + + .     Faith    .     J - +2 large shield {AC+3}
rPois  +         Spirit   .     (helmet restricted)
rElec  .         Dismiss  .     (no cloak)
rCorr  .         Reflect  .     x - +0 pair of gloves
SustAt .         Harm     .     l - +0 pair of boots
MR     +....                    S - amulet of the gourmand
Stlth  ..........               t - +2 ring of dexterity
                                Y - ring of Eternal Harmony {*Contam rPois AC+4 Int+5}

@: lethally poisoned (-12 -> -15), exhausted, slowed, glowing, very slow,
somewhat resistant to hostile enchantments, extremely unstealthy
A: antennae 2, beak, talons 1, large bone plates 1, clever 1, strong 1,
evolution 1, MP-powered wands
a: Divine Shield, Cleansing Flame, Summon Divine Warrior, Renounce Religion


You were on level 4 of the Snake Pit.
You worshipped the Shining One.
The Shining One was extremely pleased with you.
You were not hungry.

You visited 9 branches of the dungeon, and saw 35 of its levels.
You also visited: Labyrinth.

You collected 2604 gold pieces.
You donated 212 gold pieces to Zin.

Inventory:

Hand Weapons
 n - the +6 falchion "Nais" (weapon) {distort, Dex+6}
   (You found it on level 10 of the Dungeon)

   It warps and distorts space around it.
   Unwielding it can cause banishment or high damage.
   It affects your dexterity (+6).
Missiles
 d - 28 tomahawks (quivered)
 k - 848 arrows
 Q - a throwing net
Armour
 l - a +0 pair of boots (worn)
 m - a +3 plate armour of fire resistance (worn)
 x - a +0 pair of gloves (worn)
 J - a +2 large shield of protection (worn)
Jewellery
 e - a +4 ring of dexterity
 i - an uncursed ring of sustain attributes
 s - an uncursed amulet of dismissal
 t - a +2 ring of dexterity (right hand)
 L - a +3 ring of intelligence
 S - an amulet of the gourmand (around neck)
 Y - the ring of Eternal Harmony (left hand) {*Contam rPois AC+4 Int+5}
   (You found it on level 14 of the Dungeon)

   [ring of protection]

   It affects your AC (+4).
   It affects your intelligence (+5).
   It protects you from poison.
   It causes magical contamination when unequipped.
Scrolls
 c - a scroll of holy word
 h - 6 scrolls of fog
 u - 4 scrolls of teleportation
 v - 2 scrolls of brand weapon
 C - 6 scrolls of amnesia
 E - a scroll of remove curse
 F - 3 scrolls of fear
 H - 3 scrolls of blinking
 I - 4 scrolls of magic mapping
 O - 3 scrolls of identify
 T - 5 scrolls of recharging
 Z - 2 scrolls of enchant weapon
Potions
 a - 2 potions of invisibility
 b - 6 potions of agility
 f - a potion of might
 j - 7 potions of brilliance
 o - 5 potions of resistance
 w - a potion of haste
 z - 3 potions of flight
 A - 2 potions of magic
 D - a potion of cancellation
 G - 2 potions of cure mutation
 R - 5 potions of lignification
Books
 y - a book of Frost

   Spells                             Type                      Level
   a - Freeze                         Ice                          1
   b - Throw Frost                    Conjuration/Ice              2
   c - Ozocubu's Armour               Charms/Ice                   3
   d - Throw Icicle                   Conjuration/Ice              4
   e - Summon Ice Beast               Ice/Summoning                4
Miscellaneous
 q - a box of beasts
 M - a phial of floods
Comestibles
 g - 16 fruits
 p - 5 bread rations
 r - 2 meat rations
 B - a royal jelly
 K - a slice of pizza
 P - 6 beef jerkies


   Skills:
 + Level 13.2 Fighting
 + Level 15.8 Long Blades
   Level 1.6 Maces & Flails
 + Level 11.7 Armour
 + Level 5.7 Dodging
 + Level 2.9 Stealth
 + Level 19.6 Shields
 + Level 3.8 Invocations
 + Level 1.0 Evocations


You had 17 spell levels left.
You didn't know any spells.

Dungeon Overview and Level Annotations

Branches:
Dungeon (15/15)            Temple (1/1) D:5            Lair (8/8) D:10
  Swamp (1/4) Lair:3        Snake (4/4) Lair:6        Slime (1/6) Lair:6
    Orc (2/2) D:10            Elf (2/3) Orc:2        Vaults (0/5) D:14
 Depths (1/5) D:15

Altars:
Ashenzari
Cheibriados
Dithmenos
Elyvilon
Fedhas
Gozag
Kikubaaqudgha
Makhleb
Nemelex Xobeh
Okawaru
Pakellas
Qazlal
Ru
Sif Muna
Trog
Vehumet
Xom
Yredelemnul
Zin
The Shining One
Beogh
Lugonu

Shops:
D:5 }   Orc:2 [[([

Annotations:
D:14 Bolverk's ghost, journeyman NaGl
Swamp:1 Nikola
Snake:2 Vashnia; Wiglaf
Orc:1 Snorg
Elf:2 3 runed doors, Saint Roka
Abyss:1 Aizul; Gastronok


Innate Abilities, Weirdness & Mutations

You have a pair of antennae on your head.
You have a beak for a mouth.
You have sharp toenails.
You are partially covered in large bone plates (AC +2, SH +2).
Your mind is acute. (Int +2)
Your muscles are strong. (Str +2)
You evolve.
You expend magic power (3 MP) to strengthen your wands.


Message History

You bump into the rock wall.
You feel less invigorated.
You feel less confused.
You feel sick. You block the anaconda's attack.
* * * LOW HITPOINT WARNING * * *
The anaconda constricts you. You block the anaconda's attack.
* * * LOW HITPOINT WARNING * * *
The anaconda constricts you. You block the anaconda's attack.
* * * LOW HITPOINT WARNING * * *
The anaconda constricts you.
Your attempt to break free from the anaconda fails, but you feel that another attempt might succeed.
You feel less vulnerable to poison.
You feel sick. You block the anaconda's attack.
* * * LOW HITPOINT WARNING * * *
The anaconda constricts you. You block the anaconda's attack.
The anaconda constricts you.
Unknown command.
You escape the anaconda's grasp.
* * * LOW HITPOINT WARNING * * *
You feel sick. You block the anaconda's attack. The anaconda bites you!
You die...

#####....# #..# ####
### .........### #..#
##..###.##
.####..N...## ##.##
##......... ##.......#
##.## #..######..
##...####..#
##.###..## ##.
###().## #..#
#.......#####..
#(#†)## #..#
##........##... #{#NN#
#...#####....#.......#
'NN.{##
#...@SN.N)..###....##
NSN...#
########...........#
#.##....#
#...........#
#.#####.....
#...#######..# ###
#.... ...## #..# ....
..)## #..# ... ####
.## ..


You could see an anaconda, a naga ritualist and a naga.

Vanquished Creatures
  Agnes (D:15)
  A greater naga (Snake:4)
  The ghost of lordive the Severer, a journeyman MiGl of Yredelemnul (Lair:4)
  2 ettins
  A yaktaur captain (D:15)
  A vault guard (D:14)
  3 naga warriors
  2 hydras
  An ice dragon (Depths:1)
  3 anacondas
  Erica (Lair:2)
  2 catoblepae (Lair:8)
  6 dancing weapons
  8 centaur warriors
  2 alligators (Swamp:1)
  10 death yaks
  Urug (D:13)
  4 shock serpents
  6 naga sharpshooters (Snake:2)
  A vampire mage (Depths:1)
  2 deep elf knights
  5 skeletal warriors (D:14)
  6 hill giants
  4 unseen horrors
  3 naga ritualists
  7 deep elf archers
  Pikel (D:6)
  2 necromancers (D:14)
  10 ugly things
  3 orc sorcerers
  3 griffons
  8 mana vipers
  25 deep elf magi
  A manticore (D:15)
  5 salamanders
  2 cyclopes
  5 elephants
  3 guardian serpents
  24 black mambas
  8 naga magi
  2 centaur zombies
  A centaur skeleton (D:15)
  7 spiny frogs
  6 komodo dragons
  An efreet (D:14)
  2 freezing wraiths
  2 yaktaurs
  4 kobold demonologists
  3 spriggan druids
  2 rime drakes
  A polar bear (Lair:8)
  A giant leech (Swamp:1)
  A polar bear (shapeshifter) (D:15)
  3 two-headed ogres
  A boulder beetle (Lair:4)
  4 trolls
  14 blink frogs
  4 bog bodies (Swamp:1)
  7 slime creatures (D:15)
  7 redbacks
  13 spriggans
  2 air elementals (Elf:2)
  3 water elementals
  A shadow (D:12)
  2 wraiths
  34 yaks
  A tarantella (D:15)
  A vampire (D:15)
  2 wyverns
  14 humans
  3 basilisks
  10 vampire mosquitoes
  A fire elemental (Elf:2)
  6 hippogriffs
  2 insubstantial wisps (Swamp:1)
  A hungry ghost (D:11)
  Edmund (D:6)
  2 mottled dragons
  2 wargs
  27 nagas
  25 water moccasins
  8 porcupines
  33 orc warriors
  4 swamp worms (Swamp:1)
  3 ice beasts
  5 swamp drakes (Swamp:1)
  5 wasps
  3 sky beasts
  4 black bears
  5 phantoms
  An eye of draining (D:15)
  15 ogres
  A necrophage (D:9)
  18 centaurs
  13 wolves
  21 crocodiles
  The ghost of RandomGuy234 the Inquisitive, an amateur HaAr of Pakellas (D:3)
  Blork the orc (D:5)
  6 big kobolds
  19 giant frogs
  An earth elemental (Elf:2)
  2 water moccasin zombies
  A wyvern skeleton (D:10)
  4 scorpions
  17 killer bees
  8 wights
  2 howler monkeys
  2 electric eels (Lair:7)
  5 crimson imps
  A giant frog zombie (D:7)
  A quasit (D:14)
  10 jellies
  3 giant frog skeletons
  28 orc priests
  6 hounds
  28 orc wizards
  8 iguanas
  7 worker ants
  10 sheep
  A hound zombie (D:7)
  2 hound skeletons
  A howler monkey zombie (D:5)
  A worker ant zombie (D:8)
  Robin (D:4)
  13 adders
  41 river rats
  3 shadow imps
  3 oozes
  2 adder skeletons (D:7)
  6 worms
  A dart slug (D:1)
  4 giant geckos
  116 orcs
  4 ball pythons (Lair:6)
  3 bats
  6 giant cockroaches
  19 goblins
  12 hobgoblins
  6 jackals
  6 quokkas
  6 giant newts
  13 kobolds
  10 rats
  A spectral orc (D:2)
  A butterfly (Lair:8)
  A fungus (Lair:8)
  A plant (Lair:7)
1004 creatures vanquished.

Vanquished Creatures (collateral kills)
  An anaconda (Snake:4)
  A naga sharpshooter (Snake:4)
  A naga mage (Snake:4)
  A naga (Snake:4)
4 creatures vanquished.

Vanquished Creatures (others)
  A greater naga (Snake:4)
  A stone giant (D:15)
  A minotaur (Lab)
  A vault guard (D:14)
  3 naga warriors
  4 hydras
  An entropy weaver (D:15)
  An alligator (Swamp:1)
  A death knight (D:13)
  2 centaur warriors
  3 death yaks
  A naga sharpshooter (Snake:2)
  3 deep elf knights (Elf:2)
  4 skeletal warriors (D:14)
  A shambling mangrove (Swamp:1)
  A naga ritualist (Snake:3)
  A wizard (D:14)
  An anubis guard (shapeshifter) (Elf:1)
  2 orc knights
  2 hill giants
  3 ugly things
  A necromancer (D:14)
  8 deep elf magi
  A mana viper (Snake:3)
  A manticore (D:15)
  A cyclops (D:14)
  A guardian serpent (D:14)
  An elephant (Lair:8)
  7 black mambas
  3 naga magi
  3 spiny frogs
  3 komodo dragons
  A freezing wraith (D:13)
  An efreet (D:15)
  2 trolls
  2 slime creatures (D:15)
  A spriggan (Lair:4)
  A wraith (D:13)
  2 redbacks (Snake:2)
  A water elemental (Orc:2)
  A fire elemental (Elf:2)
  A wyvern (D:11)
  4 yaks
  3 humans (D:14)
  2 vampire mosquitoes
  A hippogriff (Lair:3)
  5 nagas
  An insubstantial wisp (Swamp:1)
  A swamp worm (Swamp:1)
  A water moccasin (Lair:5)
  12 orc warriors
  An ice beast (D:15)
  A slave (D:7)
  A wolf (Lair:4)
  A centaur (D:14)
  A crocodile (Lair:7)
  A giant frog (D:6)
  An earth elemental (Elf:1)
  A wyvern skeleton (D:14)
  A killer bee (D:15)
  A howler monkey (D:12)
  A centaur zombie (D:11)
  An orc wizard (D:6)
  2 orc priests
  An iguana (Lair:4)
  A worker ant (D:13)
  6 orcs
  A jackal (D:6)
  28 fungi
  32 plants
194 creatures vanquished.

Grand Total: 1202 creatures vanquished

Notes
Turn   | Place    | Note
--------------------------------------------------------------
     0 | D:1      | VoltageHero the Human Fighter began the quest for the Orb.
     0 | D:1      | Reached XP level 1. HP: 18/18 MP: 1/1
    57 | D:1      | Reached XP level 2. HP: 22/24 MP: 2/2
   643 | D:1      | Reached XP level 3. HP: 25/29 MP: 3/3
   942 | D:2      | Found a glowing silver altar of Zin.
   953 | D:2      | Became a worshipper of Zin the Law-Giver
   953 | D:2      | Reached * piety under Zin
   986 | D:2      | Donated 78 gold pieces to Zin
  1180 | D:2      | Reached XP level 4. HP: 30/35 MP: 4/4
  1289 | D:2      | Reached skill level 1 in Dodging
  1530 | D:2      | Found a shadowy altar of Dithmenos.
  1753 | D:2      | Donated 46 gold pieces to Zin
  1763 | D:2      | Found an oddly glowing altar of Pakellas.
  1819 | D:2      | Found a basalt altar of Yredelemnul.
  2117 | D:3      | Reached XP level 5. HP: 23/42 MP: 5/5
  2230 | D:3      | Reached skill level 4 in Shields
  2358 | D:3      | Found a radiant altar of Vehumet.
  2569 | D:3      | Noticed RandomGuy234's ghost (amateur HaAr)
  2590 | D:3      | Killed RandomGuy234's ghost
  2590 | D:3      | Reached XP level 6. HP: 48/48 MP: 6/6
  2719 | D:3      | Found a burning altar of Makhleb.
  2719 | D:3      | Found a shimmering altar of Xom.
  2971 | D:4      | Reached ** piety under Zin
  3063 | D:4      | Found a blossoming altar of Fedhas.
  3091 | D:4      | Noticed a phantom
  3115 | D:4      | Reached XP level 7. HP: 54/54 MP: 7/7
  3182 | D:4      | Reached skill level 5 in Shields
  3185 | D:4      | Donated 58 gold pieces to Zin
  3209 | D:4      | Noticed Robin
  3261 | D:4      | Killed Robin
  3361 | D:4      | Noticed a moth of wrath
  3364 | D:4      | Found a bloodstained altar of Trog.
  3624 | D:5      | Entered Level 5 of the Dungeon
  3756 | D:5      | Noticed Blork the orc
  3782 | D:5      | Killed Blork the orc
  3971 | D:5      | Reached XP level 8. HP: 57/61 MP: 8/8
  4246 | D:5      | Reached skill level 5 in Long Blades
  4426 | D:5      | Reached skill level 6 in Shields
  4466 | D:5      | Found a staircase to the Ecumenical Temple.
  4543 | Temple   | Entered the Ecumenical Temple
  4570 | Temple   | Fell from the grace of Zin
  4570 | Temple   | Became a worshipper of the Shining One
  4570 | Temple   | Reached * piety under the Shining One
  4814 | D:5      | Found Tillef's Gadget Emporium.
  4942 | D:6      | Noticed Pikel
  4961 | D:6      | Killed Pikel
  4961 | D:6      | Reached skill level 5 in Fighting
  4961 | D:6      | Reached skill level 5 in Armour
  4961 | D:6      | Reached XP level 9. HP: 27/68 MP: 9/9
  5262 | D:6      | Reached skill level 7 in Shields
  5398 | D:6      | Found a snail-covered altar of Cheibriados.
  5404 | D:6      | Noticed Edmund
  5416 | D:6      | Killed Edmund
  5891 | D:7      | Gained mutation: You are partially covered in iridescent scales (AC +4). [mutagenic meat]
  5892 | D:7      | Gained mutation: You have a pair of small antennae on your head. [mutagenic meat]
  5893 | D:7      | Gained mutation: Your mind is acute. (Int +2) [mutagenic meat]
  5969 | D:7      | Found an ancient bone altar of Kikubaaqudgha.
  5969 | D:7      | Found a deep blue altar of Sif Muna.
  5986 | D:7      | Found a sacrificial altar of Ru.
  6225 | D:7      | Reached ** piety under the Shining One
  6406 | D:8      | Reached XP level 10. HP: 76/76 MP: 10/10
  6463 | D:8      | Gained mutation: You are clumsy. (Dex -2) [mutagenic meat]
  6464 | D:8      | Gained mutation: You evolve. [mutagenic meat]
  6465 | D:8      | Gained mutation: You are partially covered in large bone plates (AC +2, SH +2). [mutagenic meat]
  6466 | D:8      | Gained mutation: Your mind is very acute. (Int +4) [mutagenic meat]
  6681 | D:8      | Reached skill level 8 in Shields
  6851 | D:8      | Noticed a two-headed hydra
  7616 | D:9      | Found a white marble altar of Elyvilon.
  7997 | D:10     | Entered Level 10 of the Dungeon
  7997 | D:10     | Found a staircase to the Orcish Mines.
  7997 | D:10     | Reached *** piety under the Shining One
  8258 | D:9      | Reached skill level 9 in Shields
  8612 | D:10     | Got a shimmering falchion
  8613 | D:10     | Identified the +6 falchion "Nais" {distort, Dex+6} (You found it on level 10 of the Dungeon)
  8780 | D:10     | Reached XP level 11. HP: 81/84 MP: 11/11
  8874 | D:10     | Found a staircase to the Lair.
  8874 | D:10     | Noticed an elephant
  8874 | D:10     | Noticed a death yak
  8876 | D:10     | Noticed an unseen horror
  8904 | D:10     | Killed an unseen horror
  8904 | D:10     | Reached skill level 1 in Maces & Flails
  8954 | D:10     | Noticed a hill giant
  9018 | D:10     | Banished a hill giant
  9050 | D:10     | Banished a death yak
  9050 | D:10     | Reached skill level 10 in Shields
  9149 | Lair:1   | Entered Level 1 of the Lair of Beasts
  9506 | Lair:1   | Got a twisted hand axe
  9632 | D:11     | Reached **** piety under the Shining One
  9700 | D:11     | Noticed a green ugly thing
  9708 | D:11     | Killed a green ugly thing
  9708 | D:11     | Reached skill level 1 in Stealth
  9853 | D:11     | Found a snail-covered altar of Cheibriados.
  9911 | D:11     | Noticed an unseen horror
 10017 | D:11     | Noticed a white ugly thing
 10026 | D:11     | Killed a white ugly thing
 10035 | D:11     | Gained mutation: You have sharp toenails. [potion of beneficial mutation]
 10036 | D:11     | Gained mutation: You have a pair of antennae on your head. [potion of beneficial mutation]
 10193 | D:11     | Killed an unseen horror
 10369 | D:12     | Noticed a four-headed hydra
 10369 | D:12     | Reached skill level 11 in Shields
 10380 | D:12     | Banished a five-headed hydra
 10391 | D:12     | Reached XP level 12. HP: 92/92 MP: 12/12
 10489 | D:12     | Noticed an unseen horror
 10507 | D:12     | Killed an unseen horror
 10567 | D:12     | Reached skill level 10 in Long Blades
 10692 | D:12     | Lost mutation: You are clumsy. (Dex -2) [evolution]
 10840 | D:13     | Noticed Urug
 10867 | D:13     | Killed Urug
 11033 | D:13     | Noticed a death knight
 11033 | D:13     | Reached ***** piety under the Shining One
 11391 | D:13     | Noticed a centaur warrior
 11393 | D:13     | Banished a centaur warrior
 11402 | D:13     | Found a sparkling altar of Nemelex Xobeh.
 11567 | D:13     | Banished a death knight
 11567 | D:13     | Reached skill level 12 in Shields
 11738 | D:13     | Got a wavering wooden ring
 11933 | D:14     | Noticed a skeletal warrior
 11951 | D:14     | Noticed a centaur warrior
 11953 | D:14     | Noticed a skeletal warrior
 11953 | D:14     | Noticed a skeletal warrior
 11964 | D:14     | Banished a skeletal warrior
 11973 | D:14     | Killed a skeletal warrior
 11979 | D:14     | Banished a skeletal warrior
 12153 | D:14     | Noticed a vault guard
 12162 | D:14     | Reached XP level 13. HP: 94/100 MP: 13/13
 12198 | D:14     | Killed a vault guard
 12198 | D:14     | Reached skill level 13 in Shields
 12230 | D:14     | Noticed a vault guard
 12247 | D:14     | Banished a vault guard
 12309 | D:14     | Got a pitted platinum ring
 12311 | D:14     | Identified the ring of Eternal Harmony {*Contam rPois AC+4 Int+5} (You found it on level 14 of the Dungeon)
 12317 | D:14     | Identified a scroll of acquirement
 12409 | D:14     | Found a gate to the Vaults.
 12420 | D:14     | You fall through a shaft!
 12420 | D:15     | Entered Level 15 of the Dungeon
 12426 | D:15     | Noticed a centaur warrior
 12455 | D:15     | Found a staircase to the Depths.
 12455 | D:15     | Noticed a yaktaur captain
 12476 | D:15     | Killed a centaur warrior
 12580 | D:15     | Noticed a centaur warrior
 12585 | D:15     | Gained mutation: You are covered in fur (AC +1). [evolution]
 12636 | D:15     | Killed a centaur warrior
 12677 | D:15     | Killed a centaur warrior
 12691 | D:15     | Killed a yaktaur captain
 12796 | D:15     | Noticed a centaur warrior
 12821 | D:15     | Killed a centaur warrior
 12821 | D:15     | Reached skill level 14 in Shields
 13790 | D:15     | Noticed a centaur warrior
 13820 | D:15     | Reached XP level 14. HP: 103/109 MP: 14/14
 14759 | D:14     | Reached ****** piety under the Shining One
 14950 | D:14     | Reached skill level 10 in Fighting
 14994 | D:14     | Noticed Bolverk's ghost (journeyman NaGl)
 15725 | D:14     | Reached skill level 15 in Shields
 15845 | D:14     | Identified the ring of Zenuvai {+Inv rC+ Str-3 Dex+4 Stlth-} (You found it on level 13 of the Dungeon)
 16368 | D:14     | Lost mutation: You are covered in fur (AC +1). [evolution]
 16672 | Depths:1 | Entered Level 1 of the Depths
 16672 | Depths:1 | Noticed a stone giant
 17210 | Orc:1    | Entered Level 1 of the Orcish Mines
 18172 | Orc:2    | Entered Level 2 of the Orcish Mines
 18178 | Orc:1    | Noticed Snorg
 18574 | Orc:2    | Found a roughly hewn altar of Beogh.
 18578 | Orc:2    | Found Zeerinevia's Armour Shoppe.
 18862 | Orc:2    | Found a staircase to the Elven Halls.
 19198 | Orc:2    | Gained mutation: You have a beak for a mouth. [evolution]
 19370 | Orc:2    | Found a roughly hewn altar of Beogh.
 19596 | Orc:2    | Noticed an orc warlord
 19671 | Orc:2    | Banished an orc warlord
 19850 | Orc:2    | Reached XP level 15. HP: 101/117 MP: 15/15
 19965 | Orc:2    | Found Dicsamn's Antique Armour Shop.
 19976 | Orc:2    | Found Kuajiu's Antique Weapon Boutique.
 19977 | Orc:2    | Found a roughly hewn altar of Beogh.
 20099 | Orc:2    | Found a roughly hewn altar of Beogh.
 20147 | Orc:2    | Found Istrikuuq's Armour Shoppe.
 20223 | Elf:1    | Entered Level 1 of the Elven Halls
 20423 | Elf:1    | Gained mutation: Your spells are a little easier to cast, but a little less powerful. [a neqoxec]
 20824 | Lair:1   | Noticed Gastronok
 20835 | Lair:1   | Banished Gastronok
 21024 | Lair:1   | Reached skill level 16 in Shields
 21503 | Lair:2   | Noticed Erica
 21516 | Lair:2   | Killed Erica
 22430 | Lair:3   | Found a staircase to the Swamp.
 22825 | Lair:4   | Found a labyrinth entrance.
 22831 | Lair:4   | Noticed lordive's ghost (journeyman MiGl)
 22857 | Lab      | Entered a labyrinth
 25197 | Lab      | Lost mutation: Your mind is very acute. (Int +4) [evolution]
 25700 | Lair:4   | Reached skill level 10 in Armour
 26696 | Lair:5   | Reached skill level 1 in Evocations
 27310 | Lair:6   | Found a staircase to the Slime Pits.
 27393 | Lair:6   | Found a staircase to the Snake Pit.
 27604 | Snake:1  | Entered Level 1 of the Snake Pit
 28193 | Snake:2  | Reached XP level 16. HP: 87/125 MP: 16/16
 28550 | Snake:2  | Found a shimmering altar of Xom.
 29035 | Snake:2  | Noticed Vashnia
 29079 | Snake:2  | Reached skill level 17 in Shields
 29677 | Snake:2  | Noticed Wiglaf
 31558 | D:15     | Gained mutation: Your muscles are strong. (Str +2) [evolution]
 33391 | D:15     | Reached skill level 1 in Invocations
 33712 | Elf:1    | Noticed Aizul
 33731 | Elf:1    | Reached skill level 5 in Dodging
 33743 | Elf:1    | Banished Aizul
 35375 | Elf:2    | Reached XP level 17. HP: 70/133 MP: 19/19
 35458 | Elf:2    | Noticed Saint Roka
 36102 | Elf:2    | Paralysed by an orc sorcerer for 2 turns
 36158 | Elf:2    | Reached skill level 18 in Shields
 36236 | Elf:2    | Found a runed gate.
 36236 | Elf:2    | Found a runed gate.
 36240 | Elf:2    | Found a runed gate.
 36387 | Elf:2    | Noticed an Ice Fiend
 36536 | Elf:1    | Gained mutation: Your mind is very acute. (Int +4) [evolution]
 37373 | Swamp:1  | Entered Level 1 of the Swamp
 38044 | Swamp:1  | Noticed Nikola
 38747 | Lair:4   | Reached skill level 15 in Long Blades
 38986 | Lair:4   | Killed lordive's ghost
 40983 | Lair:8   | Entered Level 8 of the Lair of Beasts
 43007 | Lair:8   | Reached XP level 18. HP: 124/142 MP: 20/20
 43827 | D:14     | Reached skill level 19 in Shields
 43839 | D:14     | Lost mutation: Your spells are a little easier to cast, but a little less powerful. [mutagenic meat]
 43840 | D:14     | Gained mutation: You expend magic power (3 MP) to strengthen your wands. [mutagenic meat]
 43841 | D:14     | Lost mutation: You are partially covered in iridescent scales (AC +4). [mutagenic meat]
 43961 | D:15     | Noticed Agnes
 43977 | D:15     | Killed Agnes
 44073 | Depths:1 | Paralysed by a great orb of eyes for 5 turns
 46088 | Slime:1  | Entered Level 1 of the Pits of Slime
 46108 | Slime:1  | Noticed an acid blob
 46120 | Slime:1  | Lost mutation: Your mind is very acute. (Int +4) [a shining eye]
 46130 | Lair:6   | HP: 7/142 [acid (10)]
 49280 | Snake:4  | Entered Level 4 of the Snake Pit
 49919 | Snake:4  | HP: 7/143 [anaconda (1)]
 49922 | Snake:4  | HP: 2/143 [anaconda (4)]
 49923 | Snake:4  | Mangled by an anaconda

Vault maps used:
D:1:      dpeg_arrival_court
D:2:      grunt_dithmenos_smoke_and_mirrors, zin_academy,
          yredelemnul_forgotten_temple_becter, grunt_pakellas_salt
D:3:      grunt_temple_overflow_champion_of_chaos, vehumet_crystals
D:4:      tgw_trog, first_bread, fedhas_altar_1, uniq_robin
D:5:      minmay_temple_entry_enclosed_plants, serial_shops, shop,
          uniq_blork_the_orc
D:6:      kennysheep_little_box, uniq_pikel, uniq_edmund
D:7:      nicolae_ru_sacrificial_ziggurat, gammafunk_temple_overflow_elements
D:8:      hangedman_ranch
D:9:      elyvilon_altar_5
D:10:     david_lair_generic, david_orc_3
D:11:     cheibriados_altar_1
D:13:     nemelex_xobeh_ov_fountains_minmay, uniq_urug
D:14:     grunt_vaults_entry_tiered, minmay_holes, serial_corexii_hall,
          corexii_hall_statues_i, corexii_hall_statues_i,
          corexii_hall_statues_s, corexii_hall_statues_u,
          kennysheep_another_room, nrook_guardian_serpent_ordinary, uniq_agnes
D:15:     grunt_enter_depths_snipers, minivault_4
Temple:   corrupted_temple
Lair:1:   uniq_gastronok
Lair:2:   uniq_erica
Lair:3:   swamp_mist_pool
Lair:4:   forest_paths, lab_entry_generic, infiniplex_staircase_pool
Lair:5:   beast_lair_carwin_large_1
Lair:6:   minmay_snake_entry_six_corridors, nicolae_slime_entry_slimehenge
Lair:7:   serial_bayou_lake_a, grunt_megastairs_4
Lair:8:   evilmike_catoblepas_cave, st_stairs_12, lemuel_fruit_fields
Swamp:1:  evilmike_swamp_ruin_house_3, uniq_nikola
Snake:2:  basic_altar, st_stairs_14, spider_trap, lemuel_fruit_tree,
          uniq_vashnia, uniq_wiglaf
Snake:4:  johnstein_snake_rune_scales, uniq_roxanne
Orc:1:    serial_shops, bh_open_orc_temple, uniq_snorg
Orc:2:    grunt_orc_community_town_hall, grunt_orc_community_big_house_2,
          grunt_orc_community_big_house_1, grunt_orc_community_house_3,
          grunt_orc_community_house_1, grunt_orc_community_house_3,
          grunt_orc_community_house_2, grunt_orc_community_house_2,
          grunt_orc_community_house_2, portal_ice_cave_entry_pillars_02
Elf:1:    kennysheep_underground_church, uniq_aizul
Elf:2:    uniq_saint_roka
Depths:1: serial_bayou_pond_b, abyss_entry, hell_entry, minmay_three_doors

Skill      XL: |  1  2  3  4  5  6  7  8  9 10 11 12 13 14 15 16 17 18 |
---------------+-------------------------------------------------------+-----
Dodging        | 1 2 3 4 5 |  5.7
Shields        | 4 5 6 7 9 11 12 14 15 16 17 18 19 | 19.6
Fighting       | 4 5 6 7 8 9 10 11 12 13 | 13.2
Long Blades    | 3 4 5 7 8 9 10 12 13 14 15 | 15.8
Armour         | 4 5 6 7 8 9 10 11 | 11.7
Maces & Flails | 1 |  1.6
Stealth        | 1 2 |  2.9
Evocations     | 1 |  1.0
Invocations    | 3 |  3.8

Action                   |  1- 3 |  4- 6 |  7- 9 | 10-12 | 13-15 | 16-18 || total
-------------------------+-------+-------+-------+-------+-------+-------++-------
Melee: Long sword        |   122 |   221 |   402 |   267 |       |       ||  1012
       Falchion          |       |       |       |   441 |  1513 |  1998 ||  3952
       Morningstar       |       |       |       |    23 |       |       ||    23
Invok: Donate Gold       |     1 |     1 |     1 |       |       |       ||     3
       Divine Shield     |       |       |       |       |     1 |    28 ||    29
       Cleansing Flame   |       |       |       |       |       |     1 ||     1
       Summon Divine War |       |       |       |       |       |     2 ||     2
Evoke: Wand              |       |       |       |       |    10 |       ||    10
       Phantom mirror    |       |       |       |       |     1 |       ||     1
  Use: Potion            |       |     1 |     3 |     3 |     5 |     9 ||    21
       Scroll            |       |    11 |     6 |    17 |     9 |    11 ||    54
 Stab: Petrified         |       |       |       |       |       |     7 ||     7
       Petrifying        |       |       |       |       |       |     4 ||     4
  Eat: Chunk             |       |     2 |     4 |     7 |     5 |     3 ||    21
       Bread ration      |       |     2 |       |     1 |     5 |     7 ||    15
       Meat ration       |       |       |     1 |       |     3 |     6 ||    10
       Beef jerky        |       |       |     1 |     3 |       |       ||     4
       Fruit             |       |       |     1 |       |    10 |    14 ||    25
       Pizza             |       |       |       |     6 |     2 |     1 ||     9
